Map: Rifts to Korhal

Players

Anders

  • Race: Protoss Protoss
  • League: Diamond
  • Spawn Location: 7:00

Ratl

  • Race: Protoss Protoss
  • League: Silver
  • Spawn Location: 7:00

VOD

Have the link to the VOD?

Description

Time

  • Played on: Jan. 13, 2020, 1:20 p.m.
  • Length: 17:13
Show
View Real Time Build Order
Export as new Build Order

Anders Protoss 

Build Orders:  

Get SALT Encoding   

  12  0:04  Probe (Chrono Boost)  
  13  0:28  Probe (Chrono Boost)  
  14  0:33  Pylon  
  14  0:42  Probe (Chrono Boost)  
  15  0:57  Probe (Chrono Boost)  
  15  0:58  Gateway  
  16  1:11  Probe (Chrono Boost)  
  17  1:25  Probe (Chrono Boost)  
  18  1:36  Assimilator  
  18  1:39  Probe (Chrono Boost)  
  18  1:40  Assimilator  
  19  1:53  Probe (Chrono Boost)  
  20  2:06  Legionnaire  
  23  2:20  Pylon  
  23  2:24  Pylon  
  23  2:45  Probe (Chrono Boost)  
  23  2:46  Legionnaire  
  27  2:59  Probe (Chrono Boost)  
  28  3:09  Pylon  
  28  3:13  Probe (Chrono Boost)  
  29  3:25  Cybernetics Core  
  29  3:27  Probe (Chrono Boost)  
  30  3:40  Probe (Chrono Boost)  
  31  3:54  Probe (Chrono Boost)  
  32  4:08  Probe (Chrono Boost)  
  33  4:15  Nexus  
  33  4:23  Probe (Chrono Boost)  
  34  4:35  Stargate  
  34  4:37  Probe (Chrono Boost)  
  35  4:47  Assimilator  
  35  5:00  Assimilator  
  35  5:12  Probe (Chrono Boost)  
  36  5:26  Probe (Chrono Boost)  
  37  5:40  Probe (Chrono Boost)  
  37  5:45  Fleet Beacon  
  38  5:54  Probe (Chrono Boost)  
  39  6:00  Stargate  
  39  6:08  Probe (Chrono Boost)  
  40  6:14  Probe (Chrono Boost)  
  41  6:22  Probe (Chrono Boost)  
  41  6:28  Probe (Chrono Boost)  
  43  6:35  Probe (Chrono Boost)  
  44  6:42  Probe (Chrono Boost)  
  44  6:49  Probe (Chrono Boost)  
  45  6:51  Carrier  
  45  6:56  Probe (Chrono Boost)  
  53  7:03  Probe (Chrono Boost)  
  54  7:25  Carrier  
  54  7:28  Probe (Chrono Boost)  
  54  7:29  Probe (Chrono Boost)  
  62  8:30  Twilight Council  
  62  8:42  Pylon  
  62  8:43  Pylon  
  62  8:45  Pylon  
  62  8:46  Pylon  
  62  8:47  Pylon  
  62  8:50  Pylon  
  62  9:04  Carrier  
  62  9:07  Probe (Chrono Boost)  
  64  9:10  Probe (Chrono Boost)  
  64  9:15  Carrier  
  70  9:21  Probe (Chrono Boost)  
  70  9:27  Probe (Chrono Boost)  
  78  9:44  Probe (Chrono Boost)  
  79  10:06  Protoss Air Weapons Level 1  
  79  10:21  Cybernetics Core  
  79  10:32  Pylon  
  79  10:34  Pylon  
  79  10:36  Pylon  
  79  10:38  Pylon x2  
  79  10:41  Pylon  
  79  10:42  Pylon, Carrier  
  79  10:43  Pylon  
  79  11:09  Graviton Catapult  
  85  11:15  Carrier  
  85  11:16  Protoss Air Armor Level 1  
  91  11:38  Pylon  
  91  11:43  Pylon x2  
  91  11:46  Pylon  
  91  11:47  Pylon  
  91  12:16  Stargate  
  91  12:20  Carrier  
  97  13:15  Carrier  
  103  13:21  Carrier  
  109  13:58  Carrier  
Show
View Real Time Build Order
Export as new Build Order

Ratl Protoss 

Build Orders:  

Get SALT Encoding   

  12  0:05  Probe (Chrono Boost)  
  13  0:19  Probe (Chrono Boost)  
  14  0:28  Pylon  
  14  0:32  Probe (Chrono Boost)  
  15  0:52  Probe (Chrono Boost)  
  15  0:57  Assimilator  
  16  1:06  Probe (Chrono Boost)  
  16  1:08  Assimilator  
  17  1:20  Probe (Chrono Boost)  
  17  1:21  Pylon  
  18  1:34  Probe (Chrono Boost)  
  18  1:38  Gateway  
  19  1:48  Probe (Chrono Boost)  
  20  2:02  Probe (Chrono Boost)  
  21  2:15  Gateway  
  21  2:16  Probe (Chrono Boost)  
  22  2:30  Probe (Chrono Boost)  
  23  2:43  Probe (Chrono Boost)  
  23  2:46  Zealot  
  26  3:09  Probe (Chrono Boost)  
  27  3:22  Probe (Chrono Boost), Cybernetics Core  
  28  3:36  Probe (Chrono Boost)  
  29  3:45  Zealot  
  31  3:58  Pylon  
  31  4:02  Pylon  
  31  4:12  Pylon  
  31  4:23  Probe (Chrono Boost)  
  32  4:36  Probe (Chrono Boost)  
  33  4:50  Probe (Chrono Boost)  
  34  5:03  Pylon  
  34  5:04  Probe (Chrono Boost)  
  35  5:10  Forge  
  35  5:18  Probe (Chrono Boost), Robotics Facility  
  36  5:28  Nexus  
  36  5:32  Probe (Chrono Boost)  
  37  5:43  Zealot x2  
  37  5:44  Zealot  
  37  5:46  Probe (Chrono Boost)  
  44  6:02  Probe (Chrono Boost)  
  44  6:05  Protoss Ground Armor Level 1  
  45  6:16  Probe (Chrono Boost)  
  46  6:30  Probe (Chrono Boost)  
  47  6:44  Probe (Chrono Boost)  
  48  6:59  Probe (Chrono Boost), Robotics Bay  
  49  7:02  Stargate  
  49  7:13  Probe (Chrono Boost)  
  49  7:16  Assimilator  
  50  7:27  Probe x2 (Chrono Boost)  
  52  7:41  Probe x2 (Chrono Boost)  
  52  7:46  Assimilator  
  54  7:55  Probe x2 (Chrono Boost)  
  54  7:57  Dragoon x2  
  54  7:58  Dragoon  
  62  8:09  Probe x2 (Chrono Boost)  
  64  8:16  Protoss Ground Weapons Level 1, Pylon  
  64  8:18  Pylon  
  64  8:24  Pylon x2  
  64  8:46  Reaver  
  70  9:00  Dragoon x3  
  74  9:27  Pylon  
  74  9:30  Pylon  
  70  10:05  Dragoon x3  
  70  10:07  Zealot x2  
  76  10:26  Protoss Shields Level 1  
  76  10:38  Gravitic Boosters  
  76  10:45  Immortal  
  80  11:04  Twilight Council  
  80  11:12  Fleet Beacon  
  80  11:16  Robotics Facility  
  80  11:38  Improved Barrier  
  80  11:42  Gateway  
  80  11:46  Gateway  
  80  11:48  Gateway x2  
  80  11:54  Gateway  
  80  11:56  Zealot x3  
  80  11:57  Zealot x3  
  76  12:56  Dragoon  
  76  12:57  Dragoon x3  
  76  12:58  Dragoon x4  
  76  13:20  Protoss Ground Weapons Level 2  
  76  13:27  Dragoon x4  
  76  13:28  Dragoon  
  86  13:30  Zealot x3  
  60  14:07  Phoenix  
  54  14:15  Immortal x2  
  58  14:25  Dragoon x2  
  62  14:40  Dragoon  
  62  14:41  Dragoon  
  62  14:42  Phoenix  
  60  15:12  Dragoon x4  
  60  15:13  Dragoon x2  
  72  15:28  Observer  
  69  15:30  Immortal  
  55  16:20  Zealot  
  55  16:21  Zealot x10  
  77  16:43  Zealot  
  77  16:44  Zealot x4  
Tags
 
Add a new tag
Caveats
  • Supply blocks, unpowered buildings, or Contaminate may cause inaccurate times.
  • Supply counts are checked every 10 seconds.